 Dungeon Crawl Stone Soup version 0.20.0-10-g0535bb4 (webtiles) character file.

417 dvd the Ruffian (level 6, 0/50 HPs)
             Began as a Ghoul Skald on June 5, 2017.
             Slain by a gnoll
             ... wielding a +3 halberd of flaming
              (2 damage)
             ... on level 4 of the Dungeon.
             The game lasted 00:12:02 (3100 turns).

dvd the Ruffian (Ghoul Skald)                       Turns: 3100, Time: 00:12:03

Health: 0/50       AC:  7    Str: 15    XL:     6   Next: 93%
Magic:  2/8        EV: 10    Int:  9    God:
Gold:   134        SH:  2    Dex:  9    Spells: 2/10 levels left

rFire    . . .     SeeInvis .     - Unarmed
rCold    + . .     Gourm    .   e - +0 buckler
rNeg     + + +     Faith    .   k - +0 ring mail
rPois    ∞         Spirit   .   (no helmet)
rElec    .         Reflect  .   (no cloak)
rCorr    .         Harm     .   i - +0 pair of gloves
MR       .....                  p - +0 pair of boots
Stlth    ..........             (no amulet)
Regen    0.0/turn               (no ring)
MPRegen  0.2/turn               (no ring)

@: rotting
A: rotting body, claws 1, carnivore 3, cold resistance 1, negative energy
resistance 3, inhibited regeneration, torment resistance, unbreathing
a: no special abilities


You were on level 4 of the Dungeon.
You were not hungry.

You visited 1 branch of the dungeon, and saw 4 of its levels.

You collected 134 gold pieces.

Inventory:

Missiles
 h - 4 poisoned javelins (quivered)
Armour
 e - a +0 buckler (worn)
 i - a +0 pair of gloves (worn)
 k - a +0 ring mail (worn)
 p - a +0 pair of boots (worn)
Scrolls
 d - a scroll of blinking {unknown}
 f - 2 scrolls of identify {unknown}
 g - 2 scrolls of recharging {unknown}
 l - a scroll of enchant armour {unknown}
 n - a scroll of magic mapping {unknown}
 o - a scroll of teleportation {unknown}
Books
 b - a book of Battle

   Spells                             Type                      Level
   a - Infusion                       Charms                       1
   b - Shroud of Golubria             Charms/Translocation         2
   c - Song of Slaying                Charms                       2
   d - Spectral Weapon                Hexes/Charms                 3
   e - Regeneration                   Charms/Necromancy            3
Comestibles
 c - 4 meat rations
 j - 5 chunks of flesh
 m - a royal jelly


   Skills:
 + Level 2.7 Fighting
 + Level 3.0 Armour
 + Level 2.3 Dodging
 + Level 0.2 Stealth
 + Level 4.8 Unarmed Combat
 + Level 2.5 Spellcasting
 + Level 3.5 Charms
 + Level 1.1 Translocations


You had 2 spell levels left.
You knew the following spells:

 Your Spells              Type           Power        Failure   Level  Hunger
a - Infusion              Chrm           #...         24%         1    ##.....
b - Shroud of Golubria    Chrm/Tloc      #.........   52%         2    ###....
c - Regeneration          Chrm/Necr      #.........   83%         3    ####...
d - Song of Slaying       Chrm           #.......     34%         2    ###....


Dungeon Overview and Level Annotations

Branches:
Dungeon (4/15)
 Temple: D:4-7

Altars:
Elyvilon
Fedhas
Vehumet
The Shining One


Innate Abilities, Weirdness & Mutations

Your body is rotting away.
You thrive on raw meat.
You are immune to poison.
You have sharp fingernails.
You are carnivorous and can eat meat at any time.
Your flesh is cold resistant. (rC+)
You are immune to negative energy. (rN+++)
You do not regenerate when monsters are visible.
You are immune to unholy pain and torment.
You can survive without breathing.


Message History

The gnoll barely misses you.
There is an open door, spattered with blood here.
You closely miss the gnoll. You hit the gnoll.
The gnoll is moderately wounded.
The gnoll hits you with a halberd of flaming.
The gnoll burns you.
* * * LOW HITPOINT WARNING * * *
You closely miss the gnoll.
The gnoll is moderately wounded.
The gnoll hits you with a halberd of flaming.
* * * LOW HITPOINT WARNING * * *
The gnoll burns you.
* * * LOW HITPOINT WARNING * * *
Eat one of 6 chunks of flesh? (ye/n/q)
You eat one of the 6 chunks of flesh.
This raw flesh tastes great!
The gnoll hits you with a halberd of flaming!
* * * LOW HITPOINT WARNING * * *
The gnoll burns you.
You die...

...#+#<#.#.# .......#.#.#
##.....#.#.# .
.......#.#.# ...
<..P.P.#.#.###########....
.#.._..#..................
.#.P.P..>........†........
.#.....#.#.......#####....
.#...###.#######@# .
.#.#.# #.# #.g...# .#.#.#
#.# #.....# .#.#.# #.#
#.....# .#.#.# #.#
#....... .#.#.# #.#
#........ .#.#.# #..
.......... .#.#.# ###
#####..... .#.#..


You could see a gnoll.

Vanquished Creatures
  A howler monkey (D:4)
  An orc priest (D:3)
  3 orc wizards
  Natasha (thrice) (D:2)
  A worker ant (D:4)
  3 gnolls
  4 adders
  2 oozes
  An adder skeleton (D:3)
  4 worms
  3 dart slugs
  2 leopard geckos
  6 orcs
  2 giant cockroaches
  8 goblins
  7 hobgoblins
  7 jackals
  2 quokkas
  5 bats
  3 frilled lizards
  4 kobolds
  5 rats
77 creatures vanquished.

Notes
Turn   | Place    | Note
-------+----------+-------------------------------------------
     0 | D:1      | dvd the Ghoul Skald began the quest for the Orb.
     0 | D:1      | Reached XP level 1. HP: 17/17 MP: 2/2
   159 | D:1      | Reached XP level 2. HP: 18/24 MP: 3/3
   500 | D:1      | Reached skill level 1 in Armour
   536 | D:1      | Learned a level 2 spell: Shroud of Golubria
   658 | D:1      | Reached XP level 3. HP: 26/30 MP: 2/5
   869 | D:2      | Noticed Natasha
  1091 | D:2      | Learned a level 3 spell: Regeneration
  1182 | D:2      | HP: 1/30 [bat (1)]
  1502 | D:2      | Killed Natasha
  1502 | D:2      | Reached XP level 4. HP: 4/36 MP: 2/6
  1516 | D:2      | Noticed Natasha
  1777 | D:2      | Killed Natasha
  1836 | D:2      | Noticed Natasha
  1857 | D:3      | Reached XP level 5. HP: 26/42 MP: 4/7
  1895 | D:2      | Killed Natasha
  1895 | D:2      | Reached skill level 3 in Unarmed Combat
  1895 | D:2      | Reached skill level 1 in Translocations
  1927 | D:2      | Found a radiant altar of Vehumet.
  2079 | D:2      | Learned a level 2 spell: Song of Slaying
  2162 | D:2      | Found a white marble altar of Elyvilon.
  2440 | D:3      | Found a glowing golden altar of the Shining One.
  2514 | D:3      | Reached XP level 6. HP: 10/50 MP: 3/8
  2600 | D:3      | Reached skill level 4 in Unarmed Combat
  2856 | D:4      | Found a blossoming altar of Fedhas.
  3100 | D:4      | HP: 2/50 [gnoll/halberd of flaming (8)]
  3100 | D:4      | Slain by a gnoll

Skill      XL: |  1  2  3  4  5  6 |
---------------+-------------------+-----
Spellcasting   | 2 |  2.5
Charms         | 3 |  3.5
Dodging        | 2 |  2.3
Armour         | 1 2 3 |  3.0
Unarmed Combat | 3 4 |  4.8
Translocations | 1 |  1.1
Fighting       | |  2.7
Stealth        | |  0.2

Action                   |  1- 3 |  4- 6 || total
-------------------------+-------+-------++-------
Melee: Unarmed           |   130 |   254 ||   384
       Punch             |     1 |       ||     1
Throw: Javelin           |       |     3 ||     3
 Cast: Infusion          |     3 |     5 ||     8
       Shroud of Golubri |     5 |    15 ||    20
       Song of Slaying   |       |     1 ||     1
  Use: Potion            |     3 |     2 ||     5
  Eat: Chunk             |     8 |    21 ||    29
Armor: Leather armour    |    11 |       ||    11
       Ring mail         |    13 |    96 ||   109
Dodge: Dodged            |    65 |   117 ||   182
Block: Buckler           |       |     5 ||     5
